 Dungeon Crawl Stone Soup version 0.31-a0-1002-g8e65716e6e (webtiles) character file.

Game seed: 7284568245308095567

27 kae the Vexing (level 2, -1/20 HPs)
             Began as a Demonspawn Enchanter on Nov 9, 2023.
             Slain by a gnoll
             ... wielding a +0 halberd
              (15 damage)
             ... on level 1 of the Dungeon.
             The game lasted 00:01:01 (1156 turns).

kae the Vexing (Demonspawn Enchanter)               Turns: 1156, Time: 00:01:02

Health: -1/20      AC:  6    Str:  8    XL:     2   Next: 93%
Magic:  1/5        EV: 12    Int: 16    God:
Gold:   76         SH:  0    Dex: 13    Spells: 3/5 levels left

rFire   . . .        a - +1 dagger
rCold   . . .        (no shield)
rNeg    . . .        b - +0 robe
rPois   .            (helmet restricted)
rElec   .            (no cloak)
rCorr   .            (no gloves)
SInv    .            (no boots)
Will    .....        (no amulet)
Stlth   ++           O - +4 ring of protection
HPRegen 0.23/turn    (no ring)
MPRegen 0.09/turn

%: no passive effects
@: very slightly contaminated, invisible
A: horns 1
a: no special abilities


You were on level 1 of the Dungeon.
You visited 1 branch of the dungeon, and saw 2 of its levels.

You collected 76 gold pieces.


Innate Abilities, Weirdness & Mutations

You have a pair of small horns on your head.


   Skills:
 + Level 0.4 Fighting
 * Level 1.3 Short Blades
 + Level 1.9 Dodging
 + Level 2.8 Stealth
 + Level 2.1 Spellcasting
 * Level 3.3 Hexes
 * Level 0.4 Ice Magic


You had 3 spell levels left.
You knew the following spells:

 Your Spells              Type           Power      Damage    Failure   Level
a - Ensorcelled Hibernat  Hex/Ice        14%        N/A       14%         2

Your spell library contained the following spells:

 Spells                   Type           Power      Damage    Failure   Level
 Confusing Touch          Hex            12%        N/A       16%         3
 Tukima's Dance           Hex            12%        N/A       16%         3
 Sting                    Tmut/Pois      4%         1d3       21%         1
 Passwall                 Tmut/Erth      0%         N/A       30%         2
 Dazzling Flash           Conj/Hex       14%        N/A       30%         3
 Brom's Barrelling Bould  Conj/Erth      1%         2d3       90%         4
 Lehudib's Crystal Spear  Conj/Erth      0%         10d2      100%        8

Inventory:

Hand Weapons
 a - a +1 dagger (weapon)
Missiles
 g - 12 stones
 k - 5 poisoned darts
Armour
 b - a +0 robe (worn)
 d - a +0 helmet
   (You found it on level 1 of the Dungeon)
Jewellery
 F - a ring of fire
   (You found it on level 1 of the Dungeon)
 O - a +4 ring of protection (left hand)
   (You found it on level 1 of the Dungeon)
Scrolls
 h - a scroll of amnesia
Potions
 c - a potion of invisibility
 f - 2 potions of heal wounds {@q2}
 i - a potion of enlightenment {unknown}
 j - a potion of resistance {unknown}

Dungeon Overview and Level Annotations

Branches:
Dungeon (2/15) Zot: 10848

Altars:

..##.### ##..#####.#######
♣.##...# #..## #.#
♣.####.####### ##.## #.#
..# #.......###..# #.# ..#
######......###### #.# #.##
#..............###.# #..#
##................#.#
##.####.........g.......#.#
#...............@.......#.#
..#######.#######.......#.#
..# #.# #.......#.#
.########.#######.......#.#
........#.#.......#######.#
#.......#.#.......#.......#
..#######.#######.#.#######
### #.# #.#.# #
#.#######.#.#


You could see a gnoll (unable to see you).


Message History

The giant cockroach barely misses you.
A giant cockroach is nearby!
A giant cockroach is nearby!
You barely miss the giant cockroach.
The giant cockroach bites you but does no damage.
You hit the giant cockroach.
The giant cockroach misses you. 😕 HP[+1]
A giant cockroach is nearby!
You barely miss the giant cockroach.
Your headbutt misses the giant cockroach.
The giant cockroach barely misses you.
You completely miss the giant cockroach.
The giant cockroach closely misses you.
A giant cockroach is nearby!
A giant cockroach is nearby!
You hit the giant cockroach.
You kill the giant cockroach!
No target in view!
A giant cockroach comes into view. 😎 HP[+1]
Your hp is fully restored (20).
The helpless giant cockroach fails to defend itself.
You puncture the giant cockroach!
You kill the giant cockroach!
Key pressed, stopping explore.
No target in view!
No target in view!
Done exploring.
No target in view!
No target in view!
Done exploring.
No target in view!
No target in view!
Done exploring.
Done exploring.
Okay, then.
You catch the helpless hobgoblin completely off-guard!
You puncture the hobgoblin!
You kill the hobgoblin!
No target in view!
Done exploring.
Done exploring.
Done exploring.
There is a stone staircase leading down here.
You climb downwards.
There is a stone staircase leading up here.
As you read the scroll labelled DIMIPS TISOPN, it crumbles to dust.
It is a scroll of identify.
f - 2 potions of heal wounds
As you read the scroll labelled QEQIUFIJEN, it crumbles to dust.
It is a scroll of amnesia.
Okay, then.
Okay, then.
Okay, then.
O - a +4 ring of protection (left hand)
Okay, then.
A gnoll comes into view. It is wielding a +0 halberd.
A gnoll is nearby!
There is a stone staircase leading up here.
You start waiting.
A gnoll is nearby!
The gnoll shouts!
You hear a shout! x2; You hear an angry hiss.
A gnoll comes into view. It is wielding a +1 whip of venom.
An adder comes into view.
The gnoll hits you but does no damage.
There is a stone staircase leading up here.
You climb upwards.
There is a stone staircase leading down here.
Casting: Ensorcelled Hibernation (safe; 14% risk of failure)
Confirm with . or Enter, or press ? or * to list all spells.
Aiming: Ensorcelled Hibernation (safe; 14% risk of failure)
Press: ? - help, Shift-Dir - straight line, f - gnoll
Aim: a gnoll, wielding a +0 halberd (chance to affect: 50%)
You miscast Ensorcelled Hibernation.
You are very lightly contaminated with residual magic.
Nothing appears to happen.
The gnoll hits you with a +0 halberd. 😮 HP[-6] MP[-2]
You take 6 damage, and now have 14/20 hp.
MASSIVE DAMAGE!! (PAUSE)
You lost 2 mp, and now have 3/5 mp.
Casting: Ensorcelled Hibernation (safe; 14% risk of failure)
Confirm with . or Enter, or press ? or * to list all spells.
Aiming: Ensorcelled Hibernation (safe; 14% risk of failure)
Press: ? - help, Shift-Dir - straight line, f/p - gnoll
Aim: a gnoll, wielding a +0 halberd (chance to affect: 50%)
The gnoll resists with some effort.
The gnoll barely misses you. 😮 MP[-2]
You lost 2 mp, and now have 1/5 mp.
Unknown command.
Casting: Ensorcelled Hibernation (safe; 14% risk of failure)
Confirm with . or Enter, or press ? or * to list all spells.
You don't have enough magic to cast this spell.
Casting: Ensorcelled Hibernation (safe; 14% risk of failure)
Confirm with . or Enter, or press ? or * to list all spells.
You don't have enough magic to cast this spell.
Okay, then.
You fade into invisibility!
The gnoll hits you with a +0 halberd!
Ouch! That really hurt!
You die...

Skill      XL: |  1 |
---------------+----+-----
Short Blades   | 1 |  1.3
Fighting       | |  0.4
Dodging        | |  1.9
Stealth        | |  2.8
Spellcasting   | |  2.1
Hexes          | |  3.3
Ice Magic      | |  0.4

Action                     || total
---------------------------++-------
  Melee: Dagger            ||    81
         Headbutt          ||     6
   Cast: Ensorcelled Hiber ||     1
    Use: Scroll            ||     2
         Potion            ||     1
   Stab: Sleeping          ||     4
         Distracted        ||     1
 Armour: Robe              ||    33
  Dodge: Dodged            ||    44

Levels and vault maps discovered:
D:1:      heliophobic_arrival_henge, layout_rooms, serial_co_window_serial,
          co_window_paths_b, co_window_paths_a, co_window_paths_b,
          co_window_cross_1, co_window_corner_a, co_window_broadway_b,
          co_window_corner_cb, co_window_corner_ca, co_window_of_opportunity_c,
          co_window_2corner, co_window_unsneaky_path_a,
          co_window_unsneaky_path_a, glass_columns_b, glass_columns_b,
          minmay_worlds_worst_comb
D:2:      layout_basic, serial_shops, shop, roderic_lattice_a,
          serial_bayou_pond_e, uniq_crazy_yiuf_cottage

Notes
Turn   | Place    | Note
-------+----------+-------------------------------------------
     0 | D:1      | kae the Demonspawn Enchanter began the quest for the Orb.
     0 | D:1      | Reached XP level 1. HP: 13/13 MP: 3/3
     0 | D:1      | magus.rc [v1.11.3]
   103 | D:1      | Reached skill level 1 in Short Blades
   121 | D:1      | You add the spells Sting, Passwall, Brom's Barrelling
                  | Boulder and Lehudib's Crystal Spear to your library.
   121 | D:1      | Got the Parchment of Changing Topography
   201 | D:1      | Gained mutation: You have a pair of small horns on your
                  | head. [demonic ancestry]
   201 | D:1      | Reached XP level 2. HP: 19/19 MP: 5/5
   204 | D:1      | Learned a level 2 spell: Ensorcelled Hibernation
  1156 | D:1      | Slain by a gnoll

Vanquished Creatures
  A dart slug (D:1)
  A ball python (D:1)
  2 endoplasms (D:1)
  6 giant cockroaches (D:1)
  2 hobgoblins (D:1)
  2 kobolds (D:1)
  2 frilled lizards (D:1)
  3 goblins (D:1)
  3 rats (D:1)
22 creatures vanquished.

Table legend:
 A = Non-vault XP
 B = Vault XP
 C = Vault XP percentage of total XP
 D = Non-vault monster count
 E = Vault monster count
 F = Vault count percentage of total count
                 A         B        C        D         E       F
            +---------+---------+-------+---------+---------+-------
      Total |      27 |      12 |  30.8 |      16 |       6 |  27.3
            +---------+---------+-------+---------+---------+-------
        D:1 |      27 |      12 |  30.8 |      16 |       6 |  27.3
            +---------+---------+-------+---------+---------+-------

Skill      XL: |  1 |
---------------+----+-----
Short Blades   | 1 |  1.3
Fighting       | |  0.4
Dodging        | |  1.9
Stealth        | |  2.8
Spellcasting   | |  2.1
Hexes          | |  3.3
Ice Magic      | |  0.4

Action                     || total
---------------------------++-------
  Melee: Dagger            ||    81
         Headbutt          ||     6
   Cast: Ensorcelled Hiber ||     1
    Use: Scroll            ||     2
         Potion            ||     1
   Stab: Sleeping          ||     4
         Distracted        ||     1
 Armour: Robe              ||    33
  Dodge: Dodged            ||    44

Illustrated notes

Table legend:
 A = Kills in this place as a percentage of kills in the entire game.
 B = Kills by you in this place as a percentage of kills by you in the entire game.
 C = Kills by friends in this place as a percentage of kills by friends in the entire game.
 D = Other kills in this place as a percentage of other kills in the entire game.
 E = Experience gained in this place as a percentage of experience gained in the entire game.
 F = Experience gained in this place divided by the number of levels of this place that you have seen.
                   A       B       C       D       E      F
               +-------+-------+-------+-------+-------+----------------------
         Total | 100.0 | 100.0 |   N/A |   N/A | 100.0 |  19.5
       Dungeon | 100.0 | 100.0 |   N/A |   N/A | 100.0 |  19.5
               +-------+-------+-------+-------+-------+----------------------

Table legend: (Time is in decaauts)
 A = Elapsed time spent in this place.
 B = Non-inter-level travel time spent in this place.
 C = Inter-level travel time spent in this place.
 D = Time resting spent in this place.
 E = Time spent auto-exploring this place.
 F = Levels seen in this place.
 G = Mean time per level.
                   A        B        C        D        E       F      G
               +--------+--------+--------+--------+--------+-----+--------+
         Total |   1150 |   1110 |     40 |      8 |    868 |   2 |  575.0 |
       Dungeon |   1150 |   1110 |     40 |      8 |    868 |   2 |  575.0 |
               +--------+--------+--------+--------+--------+-----+--------+

Top non-repeatable levels by time:
     D:1: 1121 daAuts
     D:2: 29 daAuts
